 Dungeon Crawl Stone Soup version 0.29.1-12-g30fa7ad0bf (webtiles) character file.

Game seed: 18105902211809558055

3515 bubby the Skirmisher (level 10, -2/64 HPs)
             Began as a Kobold Hunter on Jan 15, 2023.
             Was a Follower of Dithmenos.
             Slain by a yak (9 damage)
             ... on level 7 of the Dungeon.
             The game lasted 00:23:24 (10000 turns).

bubby the Skirmisher (Kobold Hunter)               Turns: 10000, Time: 00:23:26

Health: -2/64      AC:  3    Str:  9    XL:     10   Next: 28%
Magic:  10/10      EV: 22    Int: 16    God:    Dithmenos [*.....]
Gold:   371        SH:  5    Dex: 23    Spells: 9/9 levels left

rFire   . . .      SeeInvis .   a - +0 shortbow
rCold   + . .      Faith    .   (shield currently unavailable)
rNeg    . . .      Spirit   .   s - +0 robe {Will+}
rPois   .          Reflect  +   g - +1 hat
rElec   .          Harm     .   (no cloak)
rCorr   .          Rampage  .   (no gloves)
Will    +....                   (no boots)
Stlth   +++++++...              C - amulet of reflection
HPRegen 0.20/turn               v - +6 ring of intelligence
MPRegen 0.12/turn               w - ring of protection from cold

@: wreathed by umbra
A: small, no large weapons, nightstalker 3
a: Renounce Religion


You were on level 7 of the Dungeon.
You worshipped Dithmenos.
Dithmenos was aware of your devotion.
You visited 2 branches of the dungeon, and saw 9 of its levels.

You collected 371 gold pieces.

Inventory:

Hand Weapons
 a - a +0 shortbow (weapon)
 B - a +2 dagger of freezing
Armour
 c - a +0 leather armour
 g - a +1 hat (worn)
 k - a +0 robe
 s - a +0 robe of willpower (worn)
 A - a +0 barding
 K - a +0 cloak
Jewellery
 v - a +6 ring of intelligence (left hand)
 w - a ring of protection from cold (right hand)
 y - a ring of willpower
 C - an amulet of reflection (around neck)
 E - a ring of ice
Scrolls
 b - 4 scrolls of immolation
 i - 8 scrolls of identify {unknown}
 l - 2 scrolls of vulnerability {unknown}
 m - 3 scrolls of teleportation {unknown}
 n - a scroll of noise {unknown}
 q - 2 scrolls of enchant weapon {unknown}
 r - 3 scrolls of fog {unknown}
 t - 2 scrolls of poison {unknown}
 u - a scroll of brand weapon {unknown}
 x - 2 scrolls of amnesia {unknown}
 J - a scroll of blinking
Potions
 d - 3 potions of heal wounds {unknown}
 e - a potion of lignification {unknown}
 f - a potion of berserk rage {unknown}
 h - 10 potions of curing {unknown}
 j - a potion of degeneration {unknown}
 o - 4 potions of flight {unknown}
 p - 2 potions of attraction {unknown}
 z - a potion of might {unknown}
 D - 3 potions of brilliance {unknown}
 F - a potion of magic {unknown}
 G - a potion of cancellation {unknown}


   Skills:
 + Level 8.0 Fighting
 + Level 10.6 Ranged Weapons
 + Level 8.7 Dodging
 + Level 10.1 Stealth


You had 9 spell levels left.
You didn't know any spells.
Your spell library contained the following spells:

 Spells                   Type           Power      Damage    Failure   Level
 Apportation              Tloc           0%         N/A       26%         1
 Foxfire                  Conj/Fire      0%         2x1d4     26%         1
 Searing Ray              Conj           0%         2d4       36%         2
 Conjure Flame            Conj/Fire      0%         6-21      58%         3
 Dazzling Flash           Conj/Hex       0%         N/A       58%         3
 Ignite Poison            Fire/Tmut/Pois 0%         N/A       58%         3
 Inner Flame              Hex/Fire       0%         N/A       58%         3
 Mephitic Cloud           Conj/Pois/Air  0%         N/A       58%         3
 Summon Guardian Golem    Hex/Summ       0%         N/A       58%         3
 Flame Wave               Conj/Fire      0%         2d4       94%         4
 Iskenderun's Mystic Bla  Conj/Tloc      0%         2d3       94%         4
 Alistair's Intoxication  Tmut/Pois      0%         N/A       100%        5
 Freezing Cloud           Conj/Ice/Air   0%         6-21      100%        5
 Simulacrum               Ice/Necr       0%         N/A       100%        6
 Starburst                Conj/Fire      0%         6d3       100%        6
 Orb of Destruction       Conj           0%         9d5       100%        7
 Spellforged Servitor     Conj/Summ      0%         N/A       100%        7
 Polar Vortex             Ice            0%         N/A       100%        9


Dungeon Overview and Level Annotations

Branches:
Dungeon (8/15)             Temple (1/1) D:4
   Lair: D:8-11

Altars:
Ashenzari
Cheibriados
Dithmenos
Fedhas
Gozag
Hepliaklqana
Kikubaaqudgha
Makhleb
Nemelex Xobeh
Okawaru
Qazlal
Ru
Sif Muna
Trog
Uskayaw
Vehumet
Xom
Yredelemnul
Zin
The Shining One

Shops:
D:6 :

Annotations:
D:7 2 runed translucent doors


Innate Abilities, Weirdness & Mutations

You are small and have problems with some larger weapons.
You are completely attuned to the shadows.


Message History

You shoot an arrow. The arrow hits the yak.
The yak is moderately wounded.
The yak gores you!
You are too injured to fight recklessly!
You are too injured to fight recklessly!
Fire: a) +0 shortbow
Press: ? - help, Q - select action Shift-Dir - straight line, f/p - yak
Aim: a yak (moderately wounded, umbra, 79% to hit)
You shoot an arrow. The arrow hits the yak.
The yak is heavily wounded.
You block the yak's attack.
Fire: a) +0 shortbow
Press: ? - help, Q - select action Shift-Dir - straight line, f/p - yak
Aim: a yak (heavily wounded, umbra, 79% to hit)
You shoot an arrow.
The arrow hits the yak but does no damage.
The yak is heavily wounded.
The yak gores you!
* * * LOW HITPOINT WARNING * * *
Fire: a) +0 shortbow
Press: ? - help, Q - select action Shift-Dir - straight line, f/p - yak
Aim: a yak (heavily wounded, umbra, 79% to hit)
You shoot an arrow. The arrow barely misses the yak.
You block the yak's attack.
Unknown command.
Fire: a) +0 shortbow
Press: ? - help, Q - select action Shift-Dir - straight line, f/p - yak
Aim: a yak (heavily wounded, umbra, 79% to hit)
You shoot an arrow.
The arrow hits the yak but does no damage.
The yak is heavily wounded.
The yak gores you!
* * * LOW HITPOINT WARNING * * *
Okay, then.
Fire: a) +0 shortbow
Press: ? - help, Q - select action Shift-Dir - straight line, f/p - yak
Aim: a yak (heavily wounded, umbra, 79% to hit)
You shoot an arrow. The arrow barely misses the yak.
The yak gores you!
You die...

#.# ##.'#######.##..~≈..
#(####..#...≈#).)#####≈≈#
#.#.....#...≈#.).......≈≈
#.#.##.##...≈##.##.#.#.#.
#.#.##.##...≈###)........
#.#(##.##≈≈≈≈##.##.#.#.#.
#..#.#.######'.###.....#.
##<###..#####...####......
#.## ##.Y@............####
##.###.####.#..#####.##
##.#.#####.#..# ###'###
##...........# #≈≈~≈≈#
######...#### #≈~≈~≈#
#≈≈~~~≈≈≈# #~≈~≈~###
###...#### #≈~≈~≈#.. ###.#
###'####. #.# #..# #.


You could see a yak.

Vanquished Creatures
  A two-headed ogre (D:7)
  Sigmund (D:2)
  Eustachio (D:4)
  A wyvern (D:7)
  A yak (D:7)
  A water moccasin (D:7)
  2 orc warriors
  A sky beast (D:7)
  2 ice beasts
  An ogre (D:3)
  A phantom (D:5)
  Blork the orc (D:5)
  A kobold brigand (D:7)
  2 necrophages (D:6)
  2 bullfrogs (D:6)
  3 scorpions
  4 wights (D:6)
  Dowan (D:6)
  3 hounds
  Crazy Yiuf (D:5)
  3 orc priests (D:7)
  A gnoll bouda (D:7)
  2 jellies (D:6)
  3 iguanas
  5 orc wizards
  4 gnolls (D:3)
  4 adders
  A shadow imp (D:7)
  4 worms
  4 dart slugs
  18 orcs
  7 ball pythons
  10 bats
  2 endoplasms (D:3)
  6 giant cockroaches
  11 goblins
  7 hobgoblins
  6 jackals
  13 kobolds
  7 quokkas
  A frilled lizard (D:1)
  6 rats
156 creatures vanquished.

Vanquished Creatures (collateral kills)
  Duvessa (D:6)
1 creature vanquished.

Vanquished Creatures (others)
  2 fungi (D:5)
2 creatures vanquished.

Grand Total: 159 creatures vanquished

Notes
Turn   | Place    | Note
-------+----------+-------------------------------------------
     0 | D:1      | bubby the Kobold Hunter began the quest for the Orb.
     0 | D:1      | Reached XP level 1. HP: 12/12 MP: 1/1
   136 | D:1      | Reached XP level 2. HP: 18/18 MP: 2/2
   289 | D:1      | Reached XP level 3. HP: 22/22 MP: 3/3
  1348 | D:2      | Noticed Sigmund
  1356 | D:2      | Killed Sigmund
  1357 | D:2      | Reached XP level 4. HP: 18/28 MP: 4/4
  1357 | D:2      | Reached XP level 5. HP: 20/32 MP: 5/5
  1357 | D:2      | Reached XP level 6. HP: 24/37 MP: 6/6
  1843 | D:2      | Found a faded altar of an unknown god.
  2635 | D:3      | Found a stormy altar of Qazlal.
  3114 | D:4      | Found a staircase to the Ecumenical Temple.
  3284 | D:4      | Reached XP level 7. HP: 12/43 MP: 7/7
  3570 | D:4      | Noticed Eustachio
  3589 | D:3      | Reached skill level 5 in Stealth
  3840 | D:4      | Killed Eustachio
  3841 | D:4      | Reached skill level 5 in Dodging
  3911 | D:5      | Entered Level 5 of the Dungeon
  3939 | Temple   | Entered the Ecumenical Temple
  4063 | Temple   | Became a worshipper of Dithmenos the Shadowed
  4184 | D:5      | Noticed Blork the orc
  4511 | D:5      | Reached XP level 8. HP: 48/48 MP: 8/8
  4538 | D:5      | Reached skill level 5 in Fighting
  5055 | D:5      | Found a burning altar of Makhleb.
  5058 | D:5      | Found a hazy altar of Hepliaklqana.
  5061 | D:5      | Found a snail-covered altar of Cheibriados.
  5069 | D:5      | Found a radiant altar of Vehumet.
  5307 | D:5      | Found a runed translucent door.
  5310 | D:5      | Noticed Crazy Yiuf
  5315 | D:5      | Killed Crazy Yiuf
  5441 | D:5      | Killed Blork the orc
  5691 | D:5      | Found a bloodstained altar of Trog.
  5808 | D:5      | Found a shimmering blue altar of Sif Muna.
  5812 | D:5      | Got Sif Muna's Anthology of Attacks
  6478 | D:6      | Found Oczaeb's Self-Improvement Boutique.
  6850 | D:6      | Reached XP level 9. HP: 28/54 MP: 9/9
  7797 | D:6      | Noticed Dowan
  7799 | D:6      | Noticed Duvessa
  7806 | D:6      | Killed Dowan
  7820 | D:6      | Killed Duvessa
  8425 | D:7      | Reached * piety under Dithmenos
  8814 | D:7      | Noticed a two-headed ogre
  8822 | D:7      | Killed a two-headed ogre
  8823 | D:7      | Reached skill level 10 in Ranged Weapons
  8823 | D:7      | Reached XP level 10. HP: 20/64 MP: 10/10
  9113 | D:7      | Found a runed translucent door.
  9287 | D:7      | Found a runed translucent door.
  9432 | D:7      | Reached skill level 10 in Stealth
 10000 | D:7      | Slain by a yak

Illustrated notes

Levels and vault maps discovered:
D:1:      psy_arrival_heroes, layout_basic, serial_forest,
          infiniplex_forest_lined_3_way, infiniplex_forest_clump_small,
          infiniplex_forest_lined_room_, infiniplex_forest_lined_3,
          infiniplex_forest_side_room, grunt_decor_arrowhead,
          dreamdust_princess_bridge
D:2:      layout_loops_corners, hellmonk_ecumenical_altar_arch_garden,
          grunt_decor_junction, uniq_sigmund
D:3:      layout_loops_ring, lemuel_round_altar, minmay_misc_feat_four_crosses
D:4:      layout_rooms, temple_hall, uniq_eustachio
D:5:      layout_basic, nzn_overflow_gifts_of_might_and_magic,
          grunt_temple_overflow_cloverleaf, uniq_blork_the_orc,
          uniq_crazy_yiuf_cottage
D:6:      layout_loops_corners, nicolae_kite_square_tiling_tiny,
          nicolae_shop_self_help, uniq_duvessa
D:7:      lemuel_insect_pit, layout_loops_ring, serial_rivers,
          chequers_serial_rivers_micro_a, chequers_serial_rivers_room_a,
          chequers_serial_rivers_micro_a, chequers_serial_rivers_room_b,
          chequers_serial_rivers_small_a, chequers_serial_rivers_small_b,
          minmay_quadrilaterals
D:8:      layout_basic, mainiacjoe_overflow_big_doors, ebering_ghost_gozag
Temple:   nicolae_temple_figure_eight

Skill      XL: |  1  2  3  4  5  6  7  8  9 10 |
---------------+-------------------------------+-----
Stealth        | 2 4 5 7 9 10 | 10.1
Dodging        | 4 5 6 8 |  8.7
Fighting       | 3 4 6 7 8 |  8.0
Ranged Weapons | 6 7 8 10 | 10.6

Action                   |  1- 3 |  4- 6 |  7- 9 | 10-12 || total
-------------------------+-------+-------+-------+-------++-------
Melee: Shortbow          |       |       |     2 |       ||     2
 Fire: Shortbow          |   103 |   110 |   353 |    68 ||   634
Evoke: Wand              |       |       |     5 |       ||     5
  Use: Scroll            |       |       |     2 |       ||     2
Armor: Leather armour    |    11 |       |       |       ||    11
       Robe              |     2 |     5 |    19 |     1 ||    27
Dodge: Dodged            |    45 |    39 |   185 |    31 ||   300
Block: Other             |       |       |    11 |     8 ||    19
